 Dungeon Crawl Stone Soup version 0.19.0-23-gf02e663 (webtiles) character file.

69 JeffiDaFish the Shield-Bearer (level 4, -1/29 HPs)
             Began as a Gargoyle Fighter on Nov 19, 2016.
             Killed by nerve-wracking pain
             ... invoked by an orc priest
              (3 damage)
             ... on level 3 of the Dungeon.
             The game lasted 00:03:31 (1388 turns).

JeffiDaFish the Shield-Bearer (Gargoyle Fighter)    Turns: 1388, Time: 00:03:31

Health: -1/29      AC: 12    Str: 26    XL:     4   Next: 20%
Magic:  4/4        EV:  6    Int:  8    God:
Gold:   66         SH: 10    Dex:  9    Spells: 0 memorised, 3 levels left

rFire  + . .     SeeInvis .     a - +1 flail
rCold  . . .     Gourm    .     k - +0 chain mail
rNeg   + . .     Faith    .     c - +0 shield
rPois  ∞         Spirit   .     (no helmet)
rElec  +         Reflect  .     (no cloak)
rCorr  .         Harm     .     (no gloves)
MR     .....                    (no boots)
Stlth  ..........               (no amulet)
                                (no ring)
                                j - ring of protection from fire

@: mighty
A: negative energy resistance 1, electricity resistance, unbreathing,
petrification resistance, rot immunity, AC +3
a: no special abilities


You were on level 3 of the Dungeon.
You were not hungry.

You visited 1 branch of the dungeon, and saw 3 of its levels.

You collected 66 gold pieces.

Inventory:

Hand Weapons
 a - a +1 flail (weapon)
 b - a +1 whip of electrocution
Armour
 c - a +0 shield (worn)
 k - a +0 chain mail (worn)
Jewellery
 j - a ring of protection from fire (left hand)
Scrolls
 i - a scroll of identify
 l - a scroll of amnesia
Potions
 d - a potion of might
 e - a potion of cancellation
 h - a potion of ambrosia
Comestibles
 f - 3 bread rations
 g - 10 chunks of flesh


   Skills:
 + Level 3.7 Fighting
 + Level 2.9 Maces & Flails
 + Level 3.7 Armour
 + Level 0.5 Dodging
 + Level 3.9 Shields


You had 3 spell levels left.
You didn't know any spells.

Dungeon Overview and Level Annotations

Branches:
Dungeon (3/15)

Altars:


Innate Abilities, Weirdness & Mutations

You are resistant to torment.
Your stone body is resilient. (AC +3)
You are immune to poison.
You resist negative energy. (rN+)
You are resistant to electric shocks. (rElec)
You can survive without breathing.
You are immune to petrification.
You are immune to rotting.


Message History

Beogh smites you! The orc hits you but does no damage.
An orc comes into view. It is wielding a hand axe.
The orc shouts!
You hear a shout!
An orc priest comes into view. It is wielding a whip.
The orc priest shouts!
You hear a shout!
The orc hits you but does no damage.
The orc priest begins to cast a cantrip, but forgets the words!
The orc hits you but does no damage. The orc barely misses you.
You hit the orc priest.
The orc priest is moderately wounded.
The orc priest calls down the wrath of Beogh upon you.
Beogh smites you!
Ouch! That really hurt!
* * * LOW HITPOINT WARNING * * *
You block the orc's attack. The orc hits you with a flail.
* * * LOW HITPOINT WARNING * * *
You feel very mighty all of a sudden.
The orc priest calls down the wrath of Beogh upon you.
Pain shoots through your body!
You die...

#...# #...# +...+
#...# . ... ..
#.############.##.
##.##....%.o.......
#.....###o#oo......
#.##### #.@oooo....
#.# ######.....
####.#### .....
##.......## ...%
##..♣...♣..## .o.
#...........# ...
#.....♣)....#
#..>..)).<..#
#.....♣))...#


You could see 2 orc priests and 6 orcs.

Vanquished Creatures
  An adder (D:2)
  An ooze (D:2)
  A worm (D:2)
  3 dart slugs
  A leopard gecko (D:1)
  5 orcs (D:3)
  4 giant cockroaches (D:2)
  6 goblins
  4 hobgoblins
  A quokka (D:2)
  4 bats
  A frilled lizard (D:2)
  5 kobolds
  5 rats
42 creatures vanquished.

Notes
Turn   | Place    | Note
-------+----------+-------------------------------------------
     0 | D:1      | JeffiDaFish the Gargoyle Fighter began the quest for the Orb.
     0 | D:1      | Reached XP level 1. HP: 14/14 MP: 1/1
    57 | D:1      | Reached XP level 2. HP: 19/19 MP: 2/2
   688 | D:2      | Reached XP level 3. HP: 24/24 MP: 3/3
  1199 | D:3      | Reached XP level 4. HP: 22/29 MP: 4/4
  1388 | D:3      | Killed from afar by an orc priest

Action                   |  1- 3 |  4- 6 || total
-------------------------+-------+-------++-------
Melee: Flail             |   101 |     7 ||   108
       Whip              |    18 |    19 ||    37
  Use: Potion            |     4 |     2 ||     6
       Scroll            |     6 |       ||     6
  Eat: Chunk             |     1 |     1 ||     2
Armor: Scale mail        |    55 |       ||    55
       Chain mail        |    18 |    19 ||    37
Dodge: Dodged            |    33 |     8 ||    41
Block: Shield            |    68 |    18 ||    86
